 Dungeon Crawl Stone Soup version 0.29-a0-371-g91724d5b39 (webtiles) character file.

Game seed: 384363132425104018

9044 zishaf the Party-goer (level 11, -10/60 HPs)
             Began as a Vine Stalker Brigand on May 2, 2022.
             Was a Believer of Uskayaw.
             Mangled by Snorg (11 damage)
             ... on level 11 of the Dungeon.
             The game lasted 00:18:29 (9889 turns).

zishaf the Party-goer (Vine Stalker Brigand)        Turns: 9889, Time: 00:18:30

Health: -10/60     AC: 10    Str: 22    XL:     11   Next: 40%
Magic:  0/20       EV:  9    Int: 11    God:    Uskayaw [**....]
Gold:   431        SH:  9    Dex: 18    Spells: 10/10 levels left

rFire   . . .      SeeInvis .   a - +3 dagger
rCold   . . .      Faith    .   K - +0 kite shield
rNeg    . . .      Spirit   +   z - +1 ring mail of the Orb {rPois Slay+2}
rPois   +          Reflect  .   (no helmet)
rElec   .          Harm     .   c - +0 cloak
rCorr   .          Rampage  .   s - +1 pair of gloves
Will    ++...                   A - +0 pair of boots
Stlth   +++.......              j - amulet of regeneration
HPRegen 1.80/turn               H - ring of willpower
MPRegen 0.17/turn               q - +6 ring of strength

@: no status effects
A: fangs 3, regeneration 1, magic shield, antimagic bite, no potion heal 2
a: Renounce Religion, Stomp, Line Pass


You were on level 11 of the Dungeon.
You worshipped Uskayaw.
Uskayaw was aware of your devotion.
You visited 2 branches of the dungeon, and saw 12 of its levels.
You also visited: Sewer and Ossuary.

You collected 681 gold pieces.
You spent 250 gold pieces at shops.

Inventory:

Hand Weapons
 a - a +3 dagger (weapon)
 h - a +0 dagger of venom
 I - a +3 scimitar
 J - a +2 dagger of holy wrath
 S - the +4 rapier "Vatewnipn" {flame, rF- Str+5}
   (You bought it in a shop on level 10 of the Dungeon)

   It burns those it strikes, dealing additional fire damage.
   Str:       It affects your strength (+5).
   rF:        It makes you vulnerable to fire.
Missiles
 d - 25 poisoned darts (quivered)
 e - 6 curare-tipped darts
 f - 7 javelins
 F - a throwing net
 N - 6 boomerangs
Armour
 c - a +0 cloak (worn)
 i - the +2 ring mail "Kokh" {rN+ Will+ Str+3 Int+2}
   (You found it on level 6 of the Dungeon)

   Str:       It affects your strength (+3).
   Int:       It affects your intelligence (+2).
   rN:        It protects you from negative energy.
   Will:      It increases your willpower.
 l - a +0 troll leather armour {Pargi}
 s - a +1 pair of gloves (worn)
 z - the +1 ring mail of the Orb (worn) {rPois Slay+2}
   (You found it on level 5 of the Dungeon)

   Slay:      It affects your accuracy & damage with ranged weapons and melee
   (+2).
   rPois:     It protects you from poison.
 A - a +0 pair of boots (worn)
 K - a +0 kite shield (worn)
Jewellery
 g - a ring of wizardry
 j - an amulet of regeneration (around neck)
 q - a +6 ring of strength (right hand)
 H - a ring of willpower (left hand)
 O - an amulet of faith
Wands
 w - a wand of iceblast (12)
 M - a wand of paralysis (6)
 P - a wand of acid (4)
Scrolls
 b - 4 scrolls of amnesia
 k - a scroll of fear
 r - 5 scrolls of fog
 u - 3 scrolls of enchant weapon
 y - 6 scrolls of teleportation
 C - 3 scrolls of enchant armour
 L - 2 scrolls of identify
 Q - a scroll of holy word {unknown}
Potions
 m - 5 potions of cancellation
 n - a potion of magic
 o - 3 potions of haste
 p - a potion of berserk rage
 t - a potion of flight
 v - a potion of ambrosia
 x - 2 potions of might
 B - a potion of resistance
 D - 4 potions of curing
 E - 2 potions of invisibility
 G - a potion of lignification
 R - a potion of heal wounds {unknown}


   Skills:
 + Level 8.5 Fighting
 + Level 8.5 Short Blades
 - Level 3.0 Throwing
 - Level 0.7 Dodging
 - Level 6.0 Stealth
 + Level 2.4 Shields
 * Level 11.0 Invocations


You had 10 spell levels left.
You didn't know any spells.
Your spell library contained the following spells:

 Spells                   Type           Power      Damage    Failure   Level
 Freeze                   Ice            0%         1d3       88%         1
 Magic Dart               Conj           0%         1d3       88%         1
 Sandblast                Erth           0%         2d4       88%         1
 Ensorcelled Hibernation  Hex/Ice        0%         N/A       96%         2
 Passwall                 Tmut/Erth      0%         N/A       96%         2
 Searing Ray              Conj           0%         2d4       96%         2
 Frozen Ramparts          Ice            0%         1d2       99%         3
 Gell's Gravitas          Tloc           0%         N/A       99%         3
 Swiftness                Air            0%         N/A       99%         3
 Animate Armour           Summ/Erth      0%         N/A       100%        4
 Fulminant Prism          Conj/Hex       0%         3d6       100%        4
 Hailstorm                Conj/Ice       0%         3d3       100%        4
 Dispersal                Tloc           0%         N/A       100%        6
 Malign Gateway           Summ/Tloc      0%         N/A       100%        7
 Borgnjor's Revivificati  Necr           0%         N/A       100%        8
 Disjunction              Tloc           0%         N/A       100%        8
 Necromutation            Tmut/Necr      0%         N/A       100%        8
 Death's Door             Necr           0%         N/A       100%        9


Dungeon Overview and Level Annotations

Branches:
Dungeon (11/15)            Temple (1/1) D:5            Lair (0/6) D:10
    Orc (0/2) D:9           Sewer (visited)         Ossuary (visited)

Altars:
Ashenzari
Cheibriados
Dithmenos
Elyvilon
Fedhas
Gozag
Hepliaklqana
Kikubaaqudgha
Makhleb
Nemelex Xobeh
Okawaru
Qazlal
Ru
Sif Muna
Trog
Uskayaw
Vehumet
Wu Jian
Xom
Yredelemnul
Zin
The Shining One

Shops:
D:7 [   D:10 *

Annotations:
D:11 Snorg


Innate Abilities, Weirdness & Mutations

You have razor-sharp teeth.
Your natural rate of healing is unusually fast.
When hurt, damage is shared between your health and your magic reserves.
Your bite disrupts and absorbs the magic of your enemies.
Potions cannot restore your health.


Message History

The jumping spider is heavily wounded.
The jumping spider pounces on you but does no damage.
The jumping spider bites you but does no damage.
Snorg bites you! Snorg claws you but does no damage. Snorg claws you.
You hit the jumping spider. Your bite misses the jumping spider.
The jumping spider is severely wounded.
You block the jumping spider's attack.
The jumping spider bites you but does no damage.
Snorg goes berserk!
You hit the jumping spider but do no damage.
The jumping spider is severely wounded.
The jumping spider pounces on you.
The jumping spider bites you but does no damage.
You block Snorg's attack. x2; Snorg claws you.
You hit the jumping spider. Your bite misses the jumping spider.
The jumping spider is severely wounded.
The jumping spider barely misses you. The jumping spider bites you.
Snorg bites you. Snorg claws you. You block Snorg's attack.
You can now pass through a line of other dancers.
You hit the jumping spider but do no damage.
You bite the jumping spider. You drain its power.
You feel invigorated.
The jumping spider is severely wounded.
You block the jumping spider's attack.
The jumping spider bites you but does no damage.
Snorg bites you!! Snorg claws you!
* * * LOW HITPOINT WARNING * * *
Snorg claws you!
* * * LOW HITPOINT WARNING * * *
The jumping spider pounces on you.
* * * LOW HITPOINT WARNING * * *
The jumping spider bites you but does no damage.
Okay, then.
Aiming: Paralyse
Press: ? - help, Shift-Dir - straight line, f - jumping spider
Aim: a jumping spider (severely wounded, chance to affect: 49%)
Okay, then.
The jumping spider attacks as you move away!
You block the jumping spider's attack. x2; Snorg attacks as you move away!
Snorg bites you!
You die...

#..# #..# #..#
#..#####..# #..#
#.......... #
#..#####..........
..
..........#####...
.. .........# . ##
..#####..# .
#..#####....
#...@T>!....
#....s......
......#####..##
.......# .#
#####..# #..# #..#
#..


You could see Snorg (berserk) and a jumping spider.

Vanquished Creatures
  A rakshasa (D:8)
  An ugly thing (D:8)
  A kobold demonologist (D:8)
  An unseen horror (D:10)
  A komodo dragon (D:10)
  A troll (D:10)
  Prince Ribbit (D:7)
  3 hornets
  A shadow (D:11)
  A wyvern (D:8)
  3 steam dragons
  6 yaks (D:10)
  Grum (D:8)
  2 wargs (D:9)
  2 acid dragons (D:10)
  Pargi (Sewer)
  A black bear (D:6)
  3 orc warriors
  A black bear (shapeshifter) (D:8)
  A sky beast (D:7)
  6 centaurs
  4 wolves (D:8)
  5 ogres (D:7)
  5 kobold brigands
  A phantom (D:5)
  A bullfrog (D:7)
  A scorpion (D:5)
  4 water moccasin zombies (Ossuary)
  5 wights (D:9)
  4 killer bees (D:10)
  2 hounds
  2 jellies
  3 orc priests
  5 gnoll shamans
  3 iguanas
  10 orc wizards
  2 mummies (Ossuary)
  13 gnolls
  6 adders
  2 white imps
  2 ufetubi
  2 adder zombies (Ossuary)
  3 worms (D:3)
  A dart slug (D:4)
  34 orcs
  3 ball pythons
  6 bats
  5 endoplasms
  4 giant cockroaches
  2 gnoll zombies (Ossuary)
  9 goblins
  4 hobgoblins
  23 kobolds
  3 quokkas
  3 frilled lizards
  4 hobgoblin zombies (Ossuary)
  7 kobold zombies (Ossuary)
  4 orc zombies (Ossuary)
  5 rats
241 creatures vanquished.

Vanquished Creatures (others)
  A kobold (D:9)
  5 fungi (D:7)
  46 plants
52 creatures vanquished.

Grand Total: 293 creatures vanquished

Notes
Turn   | Place    | Note
-------+----------+-------------------------------------------
     0 | D:1      | zishaf the Vine Stalker Brigand began the quest for the
                  | Orb.
     0 | D:1      | Reached XP level 1. HP: 11/11 MP: 2/2
    84 | D:1      | Reached skill level 5 in Stealth
   368 | D:1      | Reached XP level 2. HP: 15/15 MP: 3/3
  1054 | D:2      | Reached XP level 3. HP: 17/18 MP: 4/4
  1525 | D:3      | Found a faded altar of an unknown god.
  1551 | D:3      | Found a glowing drain.
  1587 | Sewer    | Entered a sewer
  1590 | Sewer    | Noticed Pargi
  1592 | Sewer    | Killed Pargi
  1593 | Sewer    | Gained mutation: Your natural rate of healing is unusually
                  | fast. [Vine Stalker growth]
  1593 | Sewer    | Reached XP level 4. HP: 24/24 MP: 5/5
  1593 | Sewer    | Reached XP level 5. HP: 28/28 MP: 6/6
  1949 | D:3      | Found a shimmering blue altar of Sif Muna.
  2421 | D:4      | Reached XP level 6. HP: 33/33 MP: 2/7
  2557 | D:4      | Found a blossoming altar of Fedhas.
  3038 | D:5      | Entered Level 5 of the Dungeon
  3105 | D:5      | Found a staircase to the Ecumenical Temple.
  3114 | Temple   | Entered the Ecumenical Temple
  3308 | D:5      | Reached XP level 7. HP: 33/38 MP: 8/8
  3382 | D:5      | Found a hide-covered altar of Uskayaw.
  3390 | D:5      | Became a worshipper of Uskayaw the Reveller
  3417 | D:5      | Reached * piety under Uskayaw
  3421 | D:5      | Reached ** piety under Uskayaw
  3422 | D:5      | Reached skill level 1 in Invocations
  3429 | D:5      | Reached *** piety under Uskayaw
  3435 | D:5      | Identified the +1 ring mail of the Orb {rPois Slay+2}
  3535 | D:5      | Reached skill level 2 in Invocations
  4135 | D:6      | Identified the +2 ring mail "Kokh" {rN+ Will+ Str+3 Int+2}
  4247 | D:6      | Reached skill level 5 in Fighting
  4247 | D:6      | Reached skill level 5 in Short Blades
  4247 | D:6      | Reached skill level 3 in Invocations
  4247 | D:6      | Gained mutation: You have razor-sharp teeth. [Vine Stalker
                  | growth]
  4247 | D:6      | Reached XP level 8. HP: 43/43 MP: 8/11
  4340 | D:6      | Found an ancient bone altar of Kikubaaqudgha.
  4364 | D:6      | Reached skill level 4 in Invocations
  4571 | D:6      | Found an iron altar of Okawaru.
  4582 | D:6      | Found a broken altar of Ashenzari.
  4783 | D:6      | Found a basalt altar of Yredelemnul.
  5082 | D:7      | Found a sand-covered staircase.
  5087 | Ossuary  | Entered an ossuary
  5153 | Ossuary  | Reached skill level 5 in Invocations
  5298 | D:7      | Reached **** piety under Uskayaw
  5300 | D:7      | Reached XP level 9. HP: 36/48 MP: 12/14
  5343 | D:7      | Reached ***** piety under Uskayaw
  5373 | D:7      | Reached skill level 6 in Invocations
  5777 | D:7      | Found a sparkling altar of Nemelex Xobeh.
  5795 | D:7      | Reached skill level 7 in Invocations
  5811 | D:7      | Found a bloodstained altar of Trog.
  5968 | D:7      | Noticed Prince Ribbit
  5978 | D:7      | Killed Prince Ribbit
  6018 | D:7      | Found a snail-covered altar of Cheibriados.
  6018 | D:7      | Found Cheibriados's Comfort Zone.
  6539 | D:8      | Noticed a rakshasa
  6539 | D:8      | Noticed a green ugly thing
  6540 | D:8      | Noticed a kobold demonologist
  6544 | D:8      | Noticed a sun demon
  6550 | D:8      | Killed a kobold demonologist
  6552 | D:8      | Killed a green ugly thing
  6553 | D:8      | Reached skill level 8 in Invocations
  6553 | D:8      | Reached XP level 10. HP: 35/55 MP: 15/17
  6715 | D:8      | Killed a rakshasa
  6732 | D:8      | Got Bopo's Almanac of Ashen Orientation
  6759 | D:8      | Reached skill level 9 in Invocations
  6816 | D:8      | Noticed Grum
  6851 | D:8      | Killed Grum
  7011 | D:8      | Paralysed by a hornet for 1 turns
  7413 | D:8      | You fall into a shaft and drop 1 floor!
  8258 | D:9      | Reached skill level 10 in Invocations
  8292 | D:9      | Found a staircase to the Orcish Mines.
  8749 | D:10     | Entered Level 10 of the Dungeon
  8782 | D:10     | Reached XP level 11. HP: 47/60 MP: 10/19
  8929 | D:10     | Reached skill level 1 in Shields
  9108 | D:10     | Found a staircase to the Lair.
  9331 | D:10     | Found a hazy altar of Hepliaklqana.
  9395 | D:10     | Found Athrurch's Assorted Antiques.
  9403 | D:10     | Bought a scroll labelled SIMELUA LIAMU for 23 gold pieces
  9403 | D:10     | Bought a brown potion for 20 gold pieces
  9403 | D:10     | Bought a polished rapier for 207 gold pieces
  9403 | D:10     | Identified the +4 rapier "Vatewnipn" {flame, rF- Str+5}
                  | (You bought it in a shop on level 10 of the Dungeon)
  9530 | D:10     | Reached skill level 11 in Invocations
  9881 | D:11     | Noticed Snorg
  9888 | D:11     | HP: 2/60 [Snorg (10)]
  9889 | D:11     | Mangled by Snorg

Illustrated notes

Levels and vault maps discovered:
D:1:      saegor_arrival_simple_c, layout_basic
D:2:      layout_basic
D:3:      layout_loops_ring, general_overflow_altar,
          dreamdust_ecumenical_altar_grove, cheibrodos_sewer_entry_bend,
          grunt_ministairs_7, minmay_misc_feat_square
D:4:      layout_basic, fedhas_altar_1
D:5:      layout_loops_corners, mainiacjoe_overflow_boulevard,
          minmay_temple_entry_junction
D:6:      cheibrodos_steamvent, layout_cave_pods,
          mainiacjoe_overflow_concentric_impassable, mainiacjoe_overflow_paths,
          kennysheep_mini_moat, lemuel_crystal_altar
D:7:      kennysheep_seaside_town, layout_loops_ring,
          mainiacjoe_overflow_catwalk_spiral, enter_ossuary_2, minmay_shop_chei,
          dk_noncrumbling_2, uniq_prince_ribbit1
D:8:      layout_layer_cave, minmay_radiant, uniq_grum
D:9:      layout_gridville, erik_orc_4
D:10:     minmay_spotlight, layout_loops_ring, nzn_hepliaklqana_mist_gate,
          david_lair_shrubbed, serial_shops, shop, minmay_misc_feat_pillars,
          minmay_misc_feat_plants
D:11:     layout_small_grid, zin_treasury, uniq_josephine, uniq_snorg
Temple:   nicolae_temple_x_marks_the_god

Skill      XL: |  1  2  3  4  5  6  7  8  9 10 11 |
---------------+----------------------------------+-----
Short Blades   | 2 3 4 5 7 8 |  8.5
Stealth        | 5 6 |  6.0
Fighting       | 2 3 4 5 7 8 |  8.5
Invocations    | 3 5 8 10 11 | 11.0
Throwing       | 2 3 |  3.0
Shields        | 2 |  2.4
Dodging        | |  0.7

Action                   |  1- 3 |  4- 6 |  7- 9 | 10-12 || total
-------------------------+-------+-------+-------+-------++-------
Melee: Dagger            |    90 |   112 |   283 |   340 ||   825
       Bite              |    21 |    29 |   116 |   120 ||   286
       Punch             |       |     2 |     8 |     4 ||    14
Invok: Grand Finale      |       |       |       |     1 ||     1
  Use: Scroll            |     7 |     6 |    10 |     2 ||    25
       Potion            |       |     3 |     1 |       ||     4
 Stab: Sleeping          |    11 |    10 |     8 |     3 ||    32
       Invisible         |       |     4 |       |       ||     4
       Paralysed         |       |       |    14 |    25 ||    39
Armor: Robe              |    23 |       |       |       ||    23
       Ring mail         |     5 |       |   100 |   121 ||   226
       Troll leather arm |       |    19 |     9 |       ||    28
Dodge: Dodged            |    47 |    45 |   134 |   154 ||   380
Block: Kite shield       |       |       |       |    35 ||    35

Table legend: (Time is in decaauts)
 A = Elapsed time spent in this place.
 B = Non-inter-level travel time spent in this place.
 C = Inter-level travel time spent in this place.
 D = Time resting spent in this place.
 E = Time spent auto-exploring this place.
 F = Levels seen in this place.
 G = Mean time per level.
                   A        B        C        D        E       F      G
               +--------+--------+--------+--------+--------+-----+--------+
         Total |   9668 |   9317 |    351 |    178 |   7109 |  14 |  690.6 |
       Dungeon |   9312 |   8969 |    343 |    178 |   6928 |  11 |  846.5 |
        Temple |     76 |     68 |      8 |      0 |     28 |   1 |   76.0 |
         Sewer |    129 |    129 |      0 |      0 |     85 |   1 |  129.0 |
       Ossuary |    149 |    149 |      0 |      0 |     68 |   1 |  149.0 |
               +--------+--------+--------+--------+--------+-----+--------+

Top non-repeatable levels by time:
     D:8: 1366 daAuts
     D:7: 1327 daAuts
    D:10: 1016 daAuts
     D:5: 992 daAuts
     D:6: 912 daAuts
     D:1: 820 daAuts
     D:3: 729 daAuts
     D:9: 714 daAuts
     D:4: 706 daAuts
     D:2: 632 daAuts
 Ossuary: 149 daAuts
   Sewer: 129 daAuts
    D:11: 94 daAuts
  Temple: 76 daAuts
